TOP OF THE 1ST |
Clemson University Tigers batting - Pitching for Pennsylvania State University Nittany Lions : RHP Quincy Potvin
|
Pitching: RHP Quincy Potvin
|
|
Batting: RHB Jason Duncan
|
0-0: Bunt for hit to 2R - play at first, batter safe!
|
Batting: LHB Jayden Pelayo
|
0-0: Swinging Strike 0-1: Ball 1-1: Swinging Strike 1-2: Ball 2-2: Ball 3-2: Fly out, F8 (Flyball, 8LM, EV 82.5 MPH)
|
Batting: RHB Chris Prinzing
|
0-0: Ball 1-0: Ball 2-0: Ball 3-0: Called Strike 3-1: Base on Balls Jason Duncan to second
|
Batting: SHB Jose Santiago
|
0-0: Foul Ball, location: 2F 0-1: Swinging Strike 0-2: Ball 1-2: Strikes out swinging
|
Batting: RHB Josh LeSage
|
0-0: Foul Ball, location: 2F 0-1: Called Strike 0-2: Ball 1-2: Foul Ball, location: 2F 1-2: Foul Ball, location: 2F 1-2: Ball 2-2: SINGLE (Line Drive, 4D, EV 95.6 MPH) Jason Duncan to third Chris Prinzing to second
|
Batting: RHB Jorge Alva
|
0-0: Ball 1-0: Ball 2-0: Ball 3-0: Called Strike 3-1: Base on Balls Jason Duncan scores Chris Prinzing to third Josh LeSage to second
|
Batting: LHB Victor Reyna
|
0-0: Ball 1-0: Ground out 1-3 (Groundball, P, EV 63.8 MPH)
|
Top of the 1st over - 1 run, 2 hits, 0 errors, 3 left on base; Clemson University 1 - Pennsylvania State University 0 |
BOTTOM OF THE 1ST |
Pennsylvania State University Nittany Lions batting - Pitching for Clemson University Tigers : RHP Gustavo Carena
|
Pitching: RHP Gustavo Carena
|
|
Batting: RHB John Hopkins
|
0-0: Fly out, F8 (Line Drive, 89M, EV 93.1 MPH)
|
Batting: RHB Mike Smith
|
0-0: Ball 1-0: Ball 2-0: Ball 3-0: Called Strike 3-1: Base on Balls
|
Batting: RHB Fernando Membreno
|
0-0: Ball 1-0: Foul Ball, location: 2F 1-1: Ball 2-1: Foul Ball, location: 2F 2-2: Strikes out swinging
|
Batting: RHB Isaiah Heath
|
0-0: Called Strike 0-1: Swinging Strike 0-2: Foul Ball, location: 2F 0-2: Ground out U3 (Groundball, 3S, EV 81.2 MPH)
|
Bottom of the 1st over - 0 runs, 0 hits, 0 errors, 1 left on base; Clemson University 1 - Pennsylvania State University 0 |
TOP OF THE 2ND |
Clemson University Tigers batting - Pitching for Pennsylvania State University Nittany Lions : RHP Quincy Potvin
|
Batting: RHB Neal Perucci
|
0-0: Swinging Strike 0-1: Swinging Strike 0-2: Ball 1-2: Fly out, F6 (Popup, 15S, EV 83.8 MPH)
|
Batting: RHB Donovan Deason
|
0-0: Foul Ball, location: 2F 0-1: Ground out 5-3 (Groundball, 56S, EV 84.4 MPH)
|
Batting: RHB Jason Duncan
|
0-0: Swinging Strike 0-1: Ball 1-1: Ground out 5-3 (Groundball, 56, EV 89.4 MPH)
|
Top of the 2nd over - 0 runs, 0 hits, 0 errors, 0 left on base; Clemson University 1 - Pennsylvania State University 0 |
BOTTOM OF THE 2ND |
Pennsylvania State University Nittany Lions batting - Pitching for Clemson University Tigers : RHP Gustavo Carena
|
Batting: RHB Craig Alvarado
|
0-0: Ball 1-0: Ball 2-0: Ball 3-0: Base on Balls
|
Batting: SHB Glenn Harrison
|
0-0: Ball 1-0: Ball 2-0: Called Strike 2-1: Ball 3-1: Foul Ball, location: 2F 3-2: Strikes out looking Craig Alvarado steals 2nd base Batter strikes out.
|
Batting: LHB Josh Lane
|
0-0: Ball 1-0: Foul Ball, location: 2F 1-1: Ball 2-1: Fly out, F8 (Flyball, 89M, EV 85.6 MPH)
|
Batting: RHB Klaus Brown
|
0-0: Swinging Strike 0-1: Ball 1-1: Ball 2-1: Foul Ball, location: 2F 2-2: Ball 3-2: Foul Ball, location: 2F 3-2: Base on Balls
|
Batting: RHB Jesus Resendez
|
0-0: Called Strike 0-1: DOUBLE (Line Drive, 78D, EV 106.9 MPH) Craig Alvarado scores Klaus Brown to third Runner from 3rd tries for Home, SAFE, throw by CF to home
|
Batting: RHB John Hopkins
|
0-0: Called Strike 0-1: Ball 1-1: Fly out, F7 (Flyball, 8LM, EV 88.8 MPH)
|
Bottom of the 2nd over - 2 runs, 1 hit, 0 errors, 1 left on base; Clemson University 1 - Pennsylvania State University 2 |
TOP OF THE 3RD |
Clemson University Tigers batting - Pitching for Pennsylvania State University Nittany Lions : RHP Quincy Potvin
|
Batting: LHB Jayden Pelayo
|
0-0: Called Strike 0-1: Fly out, F7 (Flyball, 7LS, EV 91.2 MPH)
|
Batting: RHB Chris Prinzing
|
0-0: Ball 1-0: Ball 2-0: Ball 3-0: Called Strike 3-1: SINGLE (Groundball, 6MD, EV 106.9 MPH)
|
Batting: SHB Jose Santiago
|
0-0: Fly out, F8 (Line Drive, 8RM, EV 90.6 MPH)
|
Batting: RHB Josh LeSage
|
0-0: Ball 1-0: Called Strike 1-1: SINGLE (Line Drive, 56D, EV 98.1 MPH) Chris Prinzing to second Runner from 2nd tries for 3rd, SAFE, throw by LF made to third
|
Batting: RHB Jorge Alva
|
0-0: Fly out, F8 (Flyball, 8LM, EV 88.8 MPH)
|
Top of the 3rd over - 0 runs, 2 hits, 0 errors, 2 left on base; Clemson University 1 - Pennsylvania State University 2 |
BOTTOM OF THE 3RD |
Pennsylvania State University Nittany Lions batting - Pitching for Clemson University Tigers : RHP Gustavo Carena
|
Batting: RHB Mike Smith
|
0-0: Foul Ball, location: 2F 0-1: Ball 1-1: Fly out, F8 (Flyball, 89M, EV 90.6 MPH)
|
Batting: RHB Fernando Membreno
|
0-0: Ball 1-0: Ball 2-0: Ball 3-0: Called Strike 3-1: Base on Balls
|
Batting: RHB Isaiah Heath
|
0-0: Foul Ball, location: 2F 0-1: Ball 1-1: Called Strike 1-2: Ball 2-2: Fly out, F8 (Line Drive, 8RS, EV 90.0 MPH)
|
Batting: RHB Craig Alvarado
|
0-0: Called Strike 0-1: Ball 1-1: Ball 2-1: Ground out 4-3 (Groundball, 4, EV 80.6 MPH)
|
Bottom of the 3rd over - 0 runs, 0 hits, 0 errors, 1 left on base; Clemson University 1 - Pennsylvania State University 2 |
TOP OF THE 4TH |
Clemson University Tigers batting - Pitching for Pennsylvania State University Nittany Lions : RHP Quincy Potvin
|
Batting: LHB Victor Reyna
|
0-0: Ball 1-0: Ground out 4-3 (Groundball, 4M, EV 103.1 MPH)
|
Batting: RHB Neal Perucci
|
0-0: Called Strike 0-1: Foul Ball, location: 2F 0-2: Ball 1-2: Foul Ball, location: 2F 1-2: Strikes out swinging, 2-3 out at first.
|
Batting: RHB Donovan Deason
|
0-0: Swinging Strike 0-1: Ball 1-1: Ball 2-1: Foul Ball, location: 2F 2-2: Strikes out swinging
|
Top of the 4th over - 0 runs, 0 hits, 0 errors, 0 left on base; Clemson University 1 - Pennsylvania State University 2 |
BOTTOM OF THE 4TH |
Pennsylvania State University Nittany Lions batting - Pitching for Clemson University Tigers : RHP Gustavo Carena
|
Batting: SHB Glenn Harrison
|
0-0: Ball 1-0: Ball 2-0: Ball 3-0: Called Strike 3-1: Called Strike 3-2: Foul Ball, location: 2F 3-2: Foul Ball, location: 2F 3-2: Base on Balls
|
Batting: LHB Josh Lane
|
0-0: Swinging Strike 0-1: Ball 1-1: Ball 2-1: Called Strike 2-2: Fly out, F7 (Line Drive, 78M, EV 95.6 MPH)
|
Batting: RHB Klaus Brown
|
0-0: Ball 1-0: Fly out, F8 (Line Drive, 78M, EV 91.9 MPH)
|
Batting: RHB Jesus Resendez
|
0-0: Ball 1-0: Ball 2-0: Called Strike 2-1: Swinging Strike 2-2: Ground out 4-3 (Groundball, 4, EV 79.4 MPH)
|
Bottom of the 4th over - 0 runs, 0 hits, 0 errors, 1 left on base; Clemson University 1 - Pennsylvania State University 2 |
TOP OF THE 5TH |
Clemson University Tigers batting - Pitching for Pennsylvania State University Nittany Lions : RHP Quincy Potvin
|
Batting: RHB Jason Duncan
|
0-0: Ball 1-0: Ball 2-0: Ball 3-0: Called Strike 3-1: Swinging Strike 3-2: Fly out, F8 (Line Drive, 8RM, EV 94.4 MPH)
|
Batting: LHB Jayden Pelayo
|
0-0: Called Strike 0-1: Swinging Strike 0-2: Ball 1-2: Strikes out looking
|
Batting: RHB Chris Prinzing
|
0-0: Ball 1-0: SINGLE (Line Drive, 56, EV 106.9 MPH)
|
Batting: SHB Jose Santiago
|
0-0: SINGLE (Groundball, 4MD, EV 105.0 MPH) Chris Prinzing to second Runner from 2nd tries for 3rd, SAFE, throw by CF made to third
|
Batting: RHB Josh LeSage
|
0-0: Foul Ball, location: 2F 0-1: Ball 1-1: Ball 2-1: Ball 3-1: Foul Ball, location: 2F 3-2: DOUBLE (Line Drive, 89D, EV 101.9 MPH) Chris Prinzing scores Jose Santiago to third Jose Santiago scores
|
Pitching: LHP James Marker
|
|
Batting: RHB Jorge Alva
|
0-0: Ball 1-0: Foul Ball, location: 2F 1-1: Fly out, F8 (Flyball, 8RD, EV 84.4 MPH)
|
Top of the 5th over - 2 runs, 3 hits, 0 errors, 1 left on base; Clemson University 3 - Pennsylvania State University 2 |
BOTTOM OF THE 5TH |
Pennsylvania State University Nittany Lions batting - Pitching for Clemson University Tigers : RHP Gustavo Carena
|
Batting: RHB John Hopkins
|
0-0: Ball 1-0: Foul Ball, location: 2F 1-1: Foul Ball, location: 2F 1-2: Foul Ball, location: 2F 1-2: Ball 2-2: Foul Ball, location: 2F 2-2: Ball 3-2: Foul Ball, location: 2F 3-2: Foul Ball, location: 2F 3-2: Base on Balls
|
Batting: RHB Mike Smith
|
0-0: Ball 1-0: Sac Bunt to 23 - play at first, batter OUT! 3-4 John Hopkins to second
|
Batting: RHB Fernando Membreno
|
0-0: Ball 1-0: Swinging Strike 1-1: Fly out, F1 (Popup, P, EV 76.2 MPH)
|
Batting: RHB Isaiah Heath
|
0-0: Called Strike 0-1: Ball 1-1: Ball 2-1: Foul Ball, location: 2F 2-2: Strikes out looking
|
Bottom of the 5th over - 0 runs, 0 hits, 0 errors, 1 left on base; Clemson University 3 - Pennsylvania State University 2 |
TOP OF THE 6TH |
Clemson University Tigers batting - Pitching for Pennsylvania State University Nittany Lions : LHP James Marker
|
Pinch Hitting: RHB Juan Barela
|
0-0: Ball 1-0: Ball 2-0: Ball 3-0: Called Strike 3-1: Base on Balls
|
Batting: RHB Neal Perucci
|
0-0: Ball 1-0: Called Strike 1-1: Called Strike 1-2: Strikes out looking
|
Batting: RHB Donovan Deason
|
0-0: Called Strike 0-1: Called Strike 0-2: Ball 1-2: Ground out 4-3 (Groundball, 34, EV 101.2 MPH) Juan Barela to second
|
Batting: RHB Jason Duncan
|
0-0: Ball 1-0: Ground out 5-3 (Groundball, 15, EV 91.9 MPH)
|
Top of the 6th over - 0 runs, 0 hits, 0 errors, 1 left on base; Clemson University 3 - Pennsylvania State University 2 |
BOTTOM OF THE 6TH |
Pennsylvania State University Nittany Lions batting - Pitching for Clemson University Tigers : RHP Gustavo Carena
|
Now in RF: Ryan Thurston
|
|
Batting: RHB Craig Alvarado
|
0-0: Fly out, F8 (Flyball, 89M, EV 95.0 MPH)
|
Batting: SHB Glenn Harrison
|
0-0: Called Strike 0-1: DOUBLE (Flyball, 8LXD, EV 111.2 MPH)
|
Batting: LHB Josh Lane
|
0-0: Ball 1-0: Fly out, F8 (Flyball, 8RD, EV 87.5 MPH) Runner from 2nd tags up, OUT at 3rd! 8-5
|
Bottom of the 6th over - 0 runs, 1 hit, 0 errors, 0 left on base; Clemson University 3 - Pennsylvania State University 2 |
TOP OF THE 7TH |
Clemson University Tigers batting - Pitching for Pennsylvania State University Nittany Lions : LHP James Marker
|
Pitching: RHP Mike Watkins
|
|
Batting: LHB Jayden Pelayo
|
0-0: Ball 1-0: Called Strike 1-1: Swinging Strike 1-2: Strikes out swinging
|
Batting: RHB Chris Prinzing
|
0-0: Called Strike 0-1: Ball 1-1: Ball 2-1: Ball 3-1: Base on Balls
|
Batting: SHB Jose Santiago
|
0-0: Ball 1-0: Foul Ball, location: 2F 1-1: Ball 2-1: Called Strike 2-2: Ball 3-2: Strikes out swinging
|
Batting: RHB Josh LeSage
|
0-0: Called Strike 0-1: Foul Ball, location: 2F 0-2: Foul Ball, location: 2F 0-2: Foul Ball, location: 2F 0-2: Ball 1-2: Foul Ball, location: 2F 1-2: Fly out, F7 (Flyball, 78S, EV 95.0 MPH)
|
Top of the 7th over - 0 runs, 0 hits, 0 errors, 1 left on base; Clemson University 3 - Pennsylvania State University 2 |
BOTTOM OF THE 7TH |
Pennsylvania State University Nittany Lions batting - Pitching for Clemson University Tigers : RHP Gustavo Carena
|
Batting: RHB Klaus Brown
|
0-0: SOLO HOME RUN (Flyball, 7D, EV 105.0 MPH), Distance : 375 ft
|
Batting: RHB Jesus Resendez
|
0-0: Ball 1-0: Called Strike 1-1: Ball 2-1: Ball 3-1: Swinging Strike 3-2: TRIPLE (Flyball, 89XD, EV 102.5 MPH)
|
Batting: RHB John Hopkins
|
0-0: Intentional Walk
|
Batting: RHB Mike Smith
|
0-0: Called Strike John Hopkins steals 2nd base 0-1: Fly out, F4 (Popup, 23, EV 83.8 MPH)
|
Batting: RHB Fernando Membreno
|
0-0: Intentional Walk
|
Pitching: LHP Brian Anderson
|
|
Batting: RHB Isaiah Heath
|
0-0: Ball 1-0: Ball 2-0: Called Strike 2-1: SINGLE (Groundball, 34, EV 99.4 MPH) Jesus Resendez scores John Hopkins to third Fernando Membreno to second Runner from 3rd tries for Home, SAFE, throw by RF to home
|
Batting: RHB Craig Alvarado
|
0-0: Foul Ball, location: 2F 0-1: SINGLE (Groundball, 34D, EV 95.6 MPH) Fernando Membreno to third Isaiah Heath to second
|
Batting: SHB Glenn Harrison
|
0-0: Called Strike 0-1: Ball 1-1: Swinging Strike 1-2: Strikes out swinging
|
Batting: LHB Josh Lane
|
0-0: SINGLE (Line Drive, 89S, EV 99.4 MPH) Fernando Membreno scores Isaiah Heath to third Craig Alvarado to second
|
Batting: RHB Klaus Brown
|
0-0: Ball 1-0: Called Strike 1-1: Foul Ball, location: 2F 1-2: Ball 2-2: Foul Ball, location: 2F 2-2: Ball 3-2: Base on Balls Isaiah Heath scores Craig Alvarado to third Josh Lane to second
|
Batting: RHB Jesus Resendez
|
0-0: Ball 1-0: Foul Ball, location: 2F 1-1: Swinging Strike 1-2: Foul Ball, location: 2F 1-2: Foul Ball, location: 2F 1-2: Strikes out swinging
|
Bottom of the 7th over - 5 runs, 5 hits, 0 errors, 3 left on base; Clemson University 3 - Pennsylvania State University 7 |
TOP OF THE 8TH |
Clemson University Tigers batting - Pitching for Pennsylvania State University Nittany Lions : RHP Mike Watkins
|
Pitching: RHP Colin Walker
|
|
Batting: RHB Jorge Alva
|
0-0: Called Strike 0-1: Fly out, F9 (Line Drive, 9, EV 90.6 MPH)
|
Batting: RHB Ryan Thurston
|
0-0: Ball 1-0: Foul Ball, location: 2F 1-1: Ground out 6-3 (Groundball, 6, EV 83.1 MPH)
|
Batting: RHB Neal Perucci
|
0-0: Foul Ball, location: 2F 0-1: Foul Ball, location: 2F 0-2: Strikes out looking
|
Top of the 8th over - 0 runs, 0 hits, 0 errors, 0 left on base; Clemson University 3 - Pennsylvania State University 7 |
BOTTOM OF THE 8TH |
Pennsylvania State University Nittany Lions batting - Pitching for Clemson University Tigers : LHP Brian Anderson
|
Pitching: RHP Santos Gonzales
|
|
Batting: RHB John Hopkins
|
0-0: Foul Ball, location: 2F 0-1: Fly out, F9 (Flyball, 9, EV 75.6 MPH)
|
Batting: RHB Mike Smith
|
0-0: Foul Ball, location: 2F 0-1: Called Strike 0-2: Ball 1-2: Ball 2-2: DOUBLE (Groundball, 5L, EV 96.2 MPH)
|
Batting: RHB Fernando Membreno
|
0-0: Intentional Walk
|
Batting: RHB Isaiah Heath
|
0-0: Foul Ball, location: 2F 0-1: Ball 1-1: Fly out, F9 (Flyball, 9, EV 81.9 MPH)
|
Batting: RHB Craig Alvarado
|
0-0: Called Strike 0-1: Foul Ball, location: 2F 0-2: Ball 1-2: SINGLE (Line Drive, 9S, EV 102.5 MPH) Mike Smith to third Fernando Membreno to second Runner from 3rd tries for Home, SAFE, throw by RF to home
|
Batting: SHB Glenn Harrison
|
0-0: Fly out, F7 (Flyball, 7, EV 94.4 MPH)
|
Bottom of the 8th over - 1 run, 2 hits, 0 errors, 2 left on base; Clemson University 3 - Pennsylvania State University 8 |
TOP OF THE 9TH |
Clemson University Tigers batting - Pitching for Pennsylvania State University Nittany Lions : RHP Colin Walker
|
Pinch Hitting: LHB David Mendez
|
0-0: Called Strike 0-1: SINGLE (Line Drive, 8LS, EV 99.4 MPH)
|
Batting: RHB Jason Duncan
|
0-0: Called Strike 0-1: SINGLE (Flyball, 89S, EV 90.0 MPH) David Mendez to second
|
Batting: LHB Jayden Pelayo
|
0-0: Ball 1-0: Swinging Strike 1-1: Ball 2-1: Foul Ball, location: 2F 2-2: Strikes out swinging
|
Batting: RHB Chris Prinzing
|
0-0: Reached on error, E5 (Groundball, 56, EV 86.9 MPH) David Mendez to third Jason Duncan to second
|
Pitching: RHP Jerry Romero
|
|
Batting: SHB Jose Santiago
|
0-0: Ball 1-0: Foul Ball, location: 2F 1-1: Ball 2-1: Grounds into double play, 5-4-3 (Groundball, 56, EV 87.5 MPH)
|
Top of the 9th over - 0 runs, 2 hits, 1 error, 2 left on base; Clemson University 3 - Pennsylvania State University 8 |
|